 Dungeon Crawl Stone Soup version 0.22.1-6-g1668fe2c40 (webtiles) character file.

49 Kohma the Sneak (level 3, 0/16 HPs)
             Began as a Vine Stalker Enchanter on Jan 21, 2019.
             Succumbed to an adder's poison
             ... on level 2 of the Dungeon.
             The game lasted 00:05:41 (1697 turns).

Kohma the Sneak (Vine Stalker Enchanter)            Turns: 1697, Time: 00:05:42

Health: 0/16       AC:  5    Str:  7 (10) XL:     3   Next: 75%
Magic:  4/8        EV: 10    Int: 13 (15) God:
Gold:   68         SH:  0    Dex: 14 (15) Spells: 2/8 levels left

rFire    . . .     SeeInvis .   a - +1 dagger
rCold    . . .     Gourm    .   (no shield)
rNeg     . . .     Faith    .   i - +0 ring mail
rPois    .         Spirit   +   (no helmet)
rElec    .         Reflect  .   (no cloak)
rCorr    .         Harm     .   (no gloves)
MR       .....                  (no boots)
Stlth    ++........             (no amulet)
HPRegen  0.05/turn              (no ring)
MPRegen  0.11/turn              (no ring)

@: lethally poisoned (0 -> -6), berserk cooldown
A: fangs 2, magic shield, antimagic bite, no potion heal 3, rot immunity
a: no special abilities


You were on level 2 of the Dungeon.
You were not hungry.

You visited 1 branch of the dungeon, and saw 2 of its levels.

You collected 68 gold pieces.

Inventory:

Hand Weapons
 a - a +1 dagger (weapon)
Missiles
 e - 27 stones (quivered)
 h - 6 curare-tipped needles
 j - 9 poisoned needles
Armour
 b - a +0 robe
 i - a +0 ring mail (worn)
Scrolls
 c - 6 scrolls of identify {unknown}
 l - a scroll of magic mapping {unknown}
Comestibles
 d - a ration
 n - 8 chunks of flesh


   Skills:
 + Level 1.4 Short Blades
 - Level 1.5 Dodging
 - Level 4.0 Stealth
 - Level 3.0 Spellcasting
 * Level 3.6 Hexes


You had 2 spell levels left.
You knew the following spells:

 Your Spells              Type           Power        Failure   Level  Hunger
a - Corona                Hex            ##.....      19%         1    #......
b - Ensorcelled Hibernat  Hex/Ice        #.....       52%         2    ###....
c - Confuse               Hex            ##......     50%         3    ###....

Your spell library contained the following spells:

 Spells                   Type           Power        Failure   Level  Hunger
 Tukima's Dance           Hex            ##......     50%         3    ###....
 Dazzling Spray           Conj/Hex       #.....       75%         3    ###....


Dungeon Overview and Level Annotations

Branches:
Dungeon (2/15)

Altars:


Innate Abilities, Weirdness & Mutations

You have extremely sharp teeth.
When hurt, damage is shared between your health and your magic reserves.
Your bite disrupts and absorbs the magic of your enemies.
Potions cannot restore your health.
You are immune to rotting.


Message History

You are exhausted.
You feel yourself slow down.
* * * LOW HITPOINT WARNING * * *
You feel sick.
It was a potion of heal wounds.
That seemed strangely inert.
It was a potion of degeneration.
There was something very wrong with that liquid.
You feel weakened.
You feel dopey.
You feel clumsy.
* * * LOW HITPOINT WARNING * * *
You feel sick. The frilled lizard barely misses you.
The frilled lizard bites you but does no damage.
It was a potion of cancellation.
Your magical effects are unravelling.
You feel magically purged.
You feel yourself speed up.
The frilled lizard bites you but does no damage.
Found an emerald potion.
* * * LOW HITPOINT WARNING * * *
You feel sick.
You die...

#.##.......# #######
#.##.#####..####.....# ##....#
.........# #...### #.)....# ####
#.###### #......######...# #.#
#..#### #.....#...!..).# ..#
#.....##### ###...[.###....# .##
#.###.....###..............#
.####........)..@.l....#..######
#....<.######....###.###....###
..##..## ####.##..# ###..†.#.#
####.## ##.##.## #..†.... # #.#
#.....# ###...#. # #.# ##.#.###
#.#... ##.#########.....###
##.#...
#..........)..##...#####...##..
#....######.######.[..#..### ..


You could see a frilled lizard.

Vanquished Creatures
  An adder (D:2)
  A leopard gecko (D:1)
  A bat (D:2)
  A giant cockroach (D:1)
  8 goblins
  5 hobgoblins
  3 jackals (D:1)
  5 frilled lizards
  6 kobolds
  6 rats
37 creatures vanquished.

Notes
Turn   | Place    | Note
-------+----------+-------------------------------------------
     0 | D:1      | Kohma the Vine Stalker Enchanter began the quest for the
                  | Orb.
     0 | D:1      | Reached XP level 1. HP: 9/9 MP: 4/4
   145 | D:1      | Reached skill level 1 in Short Blades
   294 | D:1      | Reached XP level 2. HP: 8/13 MP: 3/6
   298 | D:1      | Learned a level 2 spell: Ensorcelled Hibernation
   941 | D:1      | Reached XP level 3. HP: 13/16 MP: 8/8
  1079 | D:1      | Reached skill level 4 in Stealth
  1422 | D:1      | Learned a level 3 spell: Confuse
  1697 | D:2      | Succumbed to an adder's poison

Skill      XL: |  1  2  3 |
---------------+----------+-----
Short Blades   | 1 |  1.4
Stealth        | 4 |  4.0
Spellcasting   | 3 |  3.0
Dodging        | |  1.5
Hexes          | |  3.6

Action                   || total
-------------------------++-------
Melee: Dagger            ||    98
       Bite              ||    16
 Cast: Corona            ||     3
       Ensorcelled Hiber ||    11
  Use: Potion            ||     4
 Stab: Sleeping          ||     9
  Eat: Chunk             ||     3
Armor: Robe              ||     9
       Ring mail         ||     8
Dodge: Dodged            ||    60
